Map: Blood Boil LE

Players

BsB - Winner!

  • Race: Terran Terran
  • Spawn Location: 11:00

Bug

  • Race: Protoss Protoss
  • League: Bronze
  • Spawn Location: 5:00

VOD

Have the link to the VOD?

Description

Time

  • Played on: May 15, 2017, 9:06 p.m.
  • Length: 11:40
Show
View Real Time Build Order
Export as new Build Order

BsB Terran - Winner!

Build Orders: MMM Bio 

Get SALT Encoding   

  12  0:00  Unknown  
  12  0:01  SCV  
  13  0:13  SCV  
  14  0:19  Supply Depot  
  14  0:25  SCV  
  15  0:41  SCV  
  16  0:45  Barracks  
  16  0:53  SCV, Refinery  
  17  1:05  SCV  
  18  1:17  SCV  
  19  1:32  Orbital Command  
  19  1:40  Barracks Reactor  
  19  1:44  Command Center  
  19  2:07  SCV  
  20  2:18  Marine x2, Supply Depot  
  20  2:19  SCV  
  23  2:33  Barracks  
  23  2:35  Barracks  
  23  2:40  SCV  
  23  2:41  Marine x2  
  26  2:52  SCV  
  26  2:56  Orbital Command  
  27  2:59  Marine  
  27  3:00  Marine  
  27  3:04  SCV  
  30  3:16  Marine, SCV  
  32  3:24  Barracks Tech Lab  
  32  3:25  Barracks Reactor  
  32  3:28  SCV  
  33  3:34  SCV  
  33  3:40  SCV, Refinery  
  35  3:46  Marine, SCV, Stimpack  
  37  3:52  SCV  
  37  3:53  Factory  
  38  3:58  SCV  
  39  4:04  Marine, SCV  
  39  4:09  Marine x2  
  42  4:10  Marine x2, SCV  
  46  4:24  Supply Depot  
  46  4:27  Supply Depot  
  46  4:37  Starport  
  46  4:38  Factory Reactor  
  46  4:45  Marine  
  46  4:46  SCV x2  
  46  4:47  Supply Depot  
  49  4:53  Marine  
  49  4:54  Marine  
  49  4:55  Marine x2  
  49  4:58  SCV x2  
  55  5:04  Barracks  
  55  5:10  SCV x2, Engineering Bay  
  55  5:11  Marine x2  
  55  5:13  Marine x2  
  61  5:15  Marine  
  62  5:22  SCV x2  
  62  5:23  Starport Tech Lab  
  64  5:29  Marine x2  
  64  5:34  Marine, SCV  
  64  5:35  Marine x2  
  70  5:48  Supply Depot  
  70  5:49  Combat Shields  
  70  5:57  Barracks Reactor  
  70  6:09  Marine x5  
  70  6:10  SCV, Supply Depot, Medivac  
  78  6:11  Supply Depot  
  78  6:13  Supply Depot  
  78  6:17  Refinery  
  78  6:20  Terran Infantry Weapons Level 1  
  78  6:28  Supply Depot  
  78  6:31  SCV, Medivac  
  81  6:33  Supply Depot  
  81  6:36  Supply Depot  
  81  6:39  Marine x5  
  84  6:40  Marine x2, Medivac  
  84  6:44  Command Center  
  90  6:52  Supply Depot, Barracks  
  90  6:57  Armory  
  90  7:00  Missile Turret  
  90  7:04  Missile Turret  
  90  7:33  Marine x2  
  90  7:34  Marine x5  
  97  7:42  Engineering Bay  
  97  7:47  SCV  
  98  7:51  Marine x2  
  98  7:53  SCV  
  101  7:58  Marine  
  101  7:59  Marine x4, SCV  
  101  8:00  Marine  
  108  8:05  SCV  
  108  8:09  Marine x2, Supply Depot  
  108  8:10  Barracks  
  108  8:11  SCV, Medivac x2  
  116  8:14  Supply Depot  
  116  8:16  Marine  
  116  8:17  Marine x3  
  120  8:21  Marine  
  120  8:26  Barracks Tech Lab  
  121  8:27  Marine x2  
  121  8:28  Concussive Shells  
  121  8:32  Orbital Command  
  123  8:41  Medivac x2  
  127  8:46  Marine x2, SCV x2  
  127  8:47  Marine x6  
  137  8:49  Terran Infantry Armor Level 1, Terran Infantry Weapons Level 2  
  137  8:58  SCV, Barracks Reactor  
  138  9:04  Marine x4  
  138  9:05  Marine, Marauder  
  138  9:06  Marauder  
  147  9:17  SCV x2  
  147  9:18  SCV  
  147  9:19  Marine  
  147  9:22  Marine x4  
  155  9:27  Marauder x2  
  155  9:29  SCV  
  160  9:35  SCV x2  
  160  9:37  Marine x3  
  165  9:45  Supply Depot  
  165  9:49  Supply Depot  
  165  9:53  Supply Depot  
  165  10:06  Marine x5  
  165  10:07  SCV, Marauder  
  173  10:09  Supply Depot  
  173  10:11  Marine x3, SCV x2, Marauder  
  180  10:14  Medivac x2  
  184  10:23  SCV x3  
  189  10:28  Marauder  
  189  10:30  Marine x7  
  189  10:31  Marine  
  189  10:32  Supply Depot  
  197  10:36  Supply Depot  
  197  10:54  Marine, Marauder  
  197  10:56  Supply Depot  
  200  11:16  Marine x2  
  199  11:18  Marauder  
Show
View Real Time Build Order
Export as new Build Order

Bug Protoss 

Build Orders: Double Forge, Blink Stalkers 

Get SALT Encoding   

  12  0:00  Unknown  
  12  0:01  Probe (Chrono Boost)  
  13  0:16  Pylon  
  13  0:18  Probe (Chrono Boost)  
  14  0:29  Probe (Chrono Boost)  
  15  0:38  Gateway  
  15  0:44  Probe (Chrono Boost)  
  16  0:51  Assimilator  
  16  0:54  Probe (Chrono Boost)  
  17  1:22  Pylon  
  17  1:26  Cybernetics Core  
  17  1:32  Probe (Chrono Boost)  
  18  1:34  Zealot  
  20  1:46  Assimilator  
  20  2:01  Warp Gate  
  20  2:04  Mothership Core (Chrono Boost)  
  22  2:25  Nexus  
  23  2:38  Probe (Chrono Boost)  
  23  2:43  Pylon  
  23  2:46  Pylon  
  23  2:50  Probe (Chrono Boost)  
  24  2:59  Pylon  
  24  3:06  Stalker  
  24  3:10  Probe (Chrono Boost)  
  27  3:26  Twilight Council  
  27  3:36  Gateway  
  27  3:43  Probe (Chrono Boost)  
  29  3:48  Probe (Chrono Boost)  
  29  3:52  Blink  
  29  3:54  Probe (Chrono Boost)  
  30  4:01  Probe (Chrono Boost)  
  30  4:02  Pylon  
  31  4:14  Probe (Chrono Boost)  
  32  4:20  Zealot  
  34  4:26  Probe (Chrono Boost)  
  34  4:31  Probe (Chrono Boost)  
  36  4:41  Probe (Chrono Boost)  
  36  4:44  Forge  
  37  4:59  Forge  
  37  5:03  Gateway  
  37  5:10  Gateway  
  37  5:11  Probe (Chrono Boost)  
  39  5:14  Probe (Chrono Boost)  
  39  5:18  Protoss Ground Weapons Level 1  
  40  5:21  Probe (Chrono Boost)  
  40  5:26  Stalker  
  40  5:27  Stalker, Probe (Chrono Boost)  
  45  5:34  Protoss Ground Armor Level 1  
  45  5:39  Probe (Chrono Boost)  
  47  5:43  Probe (Chrono Boost)  
  47  5:46  Assimilator  
  47  5:47  Charge  
  48  5:50  Probe (Chrono Boost)  
  48  6:05  Zealot x2  
  48  6:08  Stalker  
  48  6:09  Stalker  
  56  6:26  Nexus  
  56  6:36  Probe x2 (Chrono Boost)  
  58  6:43  Stalker x4  
  58  6:46  Probe (Chrono Boost)  
  68  6:48  Probe (Chrono Boost)  
  68  6:58  Forge  
  68  7:00  Probe (Chrono Boost)  
  69  7:10  Probe (Chrono Boost)  
  69  7:14  Zealot x2  
  69  7:15  Zealot  
  76  7:16  Pylon, Zealot  
  76  7:19  Pylon  
  78  7:43  Resonating Glaives  
  78  7:48  Probe (Chrono Boost)  
  79  7:55  Probe (Chrono Boost)  
  79  7:57  Protoss Ground Weapons Level 2  
  80  7:58  Protoss Ground Armor Level 2  
  80  7:59  Probe (Chrono Boost)  
  80  8:04  Probe (Chrono Boost)  
  82  8:07  Probe (Chrono Boost)  
  82  8:09  Probe (Chrono Boost)  
  84  8:15  Templar Archives, Probe (Chrono Boost)  
  85  8:20  Zealot x2  
  85  8:21  Zealot x2  
  93  8:37  Gateway  
  93  8:40  Gateway  
  93  8:42  Gateway  
  93  8:46  Gateway  
  93  8:47  Probe (Chrono Boost)  
  93  8:48  Gateway  
  94  8:50  Assimilator  
  94  8:53  Psionic Storm, Assimilator  
  94  8:57  Probe (Chrono Boost)  
  95  9:08  Probe (Chrono Boost)  
  96  9:18  Probe (Chrono Boost)  
  96  9:20  High Templar x2  
  96  9:22  High Templar x2  
  105  10:08  Nexus  
  105  10:09  Pylon  
  105  10:11  Pylon  
  105  10:12  Pylon  
  105  10:23  High Templar x2  
  109  10:55  Nexus  
  109  10:58  Pylon x2  
  109  10:59  Pylon  
  109  11:01  Pylon  
  109  11:02  Pylon x2  
Tags
 
Add a new tag
Caveats
  • Supply blocks, unpowered buildings, or Contaminate may cause inaccurate times.
  • Supply counts are checked every 10 seconds.